 Dungeon Crawl Stone Soup version 0.30-a0-310-g7d6cbdfea6 (webtiles) character file.

Game seed: 13936513208830826218

68 billz999 the Sneak (level 4, -2/26 (30) HPs)
             Began as a Vampire Earth Elementalist on Oct 24, 2022.
             Slain by Terence
             ... wielding a +2 falchion of draining
              (8 damage)
             ... on level 2 of the Dungeon.
             The game lasted 00:04:25 (1718 turns).

billz999 the Sneak (Vampire Earth Elementalist)     Turns: 1718, Time: 00:04:26

HP:   -2/26 (30)    AC:  2    Str:  7    XL:     4   Next: 1%
MP:   6/7           EV: 12    Int: 19    God:
Gold: 26            SH:  0    Dex: 14    Spells: 6/7 levels left

rFire   . . .      SeeInvis +    d - +0 dagger
rCold   . . .      Faith    .    (no shield)
rNeg    . . .      Spirit   .    a - +0 robe
rPois   .          Reflect  .    (no helmet)
rElec   .          Harm     .    (no cloak)
rCorr   .          Rampage  .    (no gloves)
Will    .....                    (no boots)
Stlth   +++.......               (no amulet)
HPRegen 0.44/turn                (no ring)
MPRegen 0.10/turn                (no ring)

@: healing quickly, heavily drained
A: alive, fangs 3, see invisible, vampiric 2
a: Exsanguinate


You were on level 2 of the Dungeon.
You visited 1 branch of the dungeon, and saw 2 of its levels.

You collected 26 gold pieces.

Inventory:

Hand Weapons
 c - a +0 club
 d - a +0 dagger (weapon)
Armour
 a - a +0 robe (worn)
Jewellery
 i - an amulet of guardian spirit
Scrolls
 h - a scroll of butterflies
Potions
 b - a potion of magic
 e - a potion of heal wounds {unknown}
 g - a potion of haste {unknown}


   Skills:
 - Level 2.1 Dodging
 + Level 4.5 Stealth
 - Level 2.0 Spellcasting
 * Level 3.6 Transmutations
 - Level 3.0 Earth Magic


You had 6 spell levels left.
You knew the following spells:

 Your Spells              Type           Power      Damage    Failure   Level
a - Sandblast             Erth           26%        2d8       4%          1

Your spell library contained the following spells:

 Spells                   Type           Power      Damage    Failure   Level
 Passwall                 Tmut/Erth      11%        N/A       7%          2
 Scorch                   Fire           2%         2d5       26%         2
 Stone Arrow              Conj/Erth      14%        3d7       26%         3
 Petrify                  Tmut/Erth      14%        N/A       41%         4
 Flame Wave               Conj/Fire      1%         2d4       86%         4
 Summon Cactus Giant      Summ           0%         N/A       100%        6


Dungeon Overview and Level Annotations

Branches:
Dungeon (2/15)

Altars:

Shops:
D:2 (

Annotations:
D:2 Terence


Innate Abilities, Weirdness & Mutations

Your natural rate of healing is accelerated.
You have razor-sharp teeth.
You have supernaturally acute eyesight. (SInv)
You are afflicted with vampirism and can become a bat while bloodless.


Message History

Found a stone staircase leading down.
The hobgoblin moves out of view.
The hobgoblin barely misses you.
Casting: Sandblast (safe; 4% risk of failure)
Confirm with . or Enter, or press ? or * to list all spells.
Aiming: Sandblast (safe; 4% risk of failure)
Press: ? - help, Shift-Dir - straight line, f - hobgoblin
Aim: a hobgoblin, wielding a +0 club (82% to hit)
The blast of sand hits the hobgoblin!
You kill the hobgoblin!
You have reached level 4!
Found a stone staircase leading down.
Things that are here:
a +0 club; a hobgoblin corpse Terence attacks as you move away!
Terence hits you with a +2 falchion of draining.
You feel drained.
Press: ? - help, v - describe, . - travel, g - get item
Here: Terence, wielding a +2 falchion of draining and wearing a +0 ring mail
Items here: a +0 club; a hobgoblin corpse.
The floor.
Okay, then.
Okay, then.
A rat comes into view.
Terence attacks as you move away! Terence barely misses you.
Terence attacks as you move away!
Terence hits you with a +2 falchion of draining!
You feel drained.
As you read the scroll labelled SID ZOUPALIUK, it crumbles to dust.
You hear a loud clanging noise!
It was a scroll of noise.
You hear a shout!
You hear an angry hiss.
Terence hits you with a +2 falchion of draining!
* * * LOW HITPOINT WARNING * * *
You feel drained.
* * * LOW HITPOINT WARNING * * *
As you read the scroll labelled CONWID PIGOGA, it crumbles to dust.
It is a scroll of identify.
h - a scroll of butterflies Terence hits you with a +2 falchion of draining!
You die...

**,,,,*.***#.# #.#
#.# #..
*,,,,,**.###.# #.#
#@# ###
*,,,,,***....# #.#
#.# *,,,,,**,*#..#
#.# #.#
**,,,,*,**#..## #.#
#.# *****,**
#r..###)## #.#####
*,* #........#
#...@.. *,*
#.@.###>.# #######
*,* #@###*#..# *,*
#.#*,,...#********
*,*
#.#*,*#...*,,,,,,,
*,*
#.#*,,....#,******
*,***#.#***#..>#,****
*,,,,..#*,,,....,,,,*
*,,,,..#*,***,,,,**,*
*,,,,..#*,* *,*****,*
**,,,,,**,* *,* *,*


You could see Terence and a rat.

Vanquished Creatures
  3 adders (D:2)
  5 bats (D:1)
  3 endoplasms (D:1)
  3 giant cockroaches (D:1)
  4 goblins
  5 hobgoblins
  2 kobolds (D:1)
  3 quokkas
  3 ball pythons (D:1)
  5 frilled lizards
  4 rats
40 creatures vanquished.

Notes
Turn   | Place    | Note
-------+----------+-------------------------------------------
     0 | D:1      | billz999 the Vampire Earth Elementalist began the quest for
                  | the Orb.
     0 | D:1      | Reached XP level 1. HP: 13/13 MP: 3/3
   217 | D:1      | Reached XP level 2. HP: 16/19 MP: 0/5
   970 | D:1      | Gained mutation: You are afflicted with vampirism and can
                  | become a bat while bloodless. [Vampire growth]
   970 | D:1      | Reached XP level 3. HP: 24/24 MP: 4/6
  1040 | D:1      | Reached skill level 4 in Stealth
  1286 | D:2      | Noticed Terence
  1360 | D:2      | Found Acwetwif's Weapon Shop.
  1710 | D:2      | Reached XP level 4. HP: 30/30 MP: 5/7
  1718 | D:2      | Slain by Terence

Illustrated notes

Levels and vault maps discovered:
D:1:      mrwooster_arrival_arrow, layout_loops_cross,
          chequers_serial_rivers_micro_e
D:2:      layout_loops_ring, chequers_ecumenical_altar_lobes, serial_shops,
          nicolae_shop_bloodbath_and_beyond, chequers_serial_rivers_room_b,
          uniq_terence, uniq_natasha

Skill      XL: |  1  2  3 |
---------------+----------+-----
Transmutations | 2 3 |  3.6
Stealth        | 4 |  4.5
Dodging        | |  2.1
Spellcasting   | |  2.0
Earth Magic    | |  3.0

Action                   |  1- 3 |  4- 6 || total
-------------------------+-------+-------++-------
Melee: Club              |    14 |       ||    14
       Bite              |     4 |       ||     4
       Dagger            |     7 |       ||     7
 Cast: Sandblast         |    59 |       ||    59
  Use: Scroll            |     1 |     2 ||     3
 Stab: Sleeping          |     4 |       ||     4
Armor: Robe              |     6 |       ||     6
Dodge: Dodged            |    38 |     1 ||    39

Table legend: (Time is in decaauts)
 A = Elapsed time spent in this place.
 B = Non-inter-level travel time spent in this place.
 C = Inter-level travel time spent in this place.
 D = Time resting spent in this place.
 E = Time spent auto-exploring this place.
 F = Levels seen in this place.
 G = Mean time per level.
                   A        B        C        D        E       F      G
               +--------+--------+--------+--------+--------+-----+--------+
         Total |   1752 |   1539 |    213 |     26 |   1176 |   2 |  876.0 |
       Dungeon |   1752 |   1539 |    213 |     26 |   1176 |   2 |  876.0 |
               +--------+--------+--------+--------+--------+-----+--------+

Top non-repeatable levels by time:
     D:1: 1237 daAuts
     D:2: 515 daAuts
